Carnivores vs Blackdemons
(R1)
Created - 9 décembre 2016 at 19:01
Goals
|
| Carnivores |
1 |
3 |
1 |
5 |
| Blackdemons |
1 |
1 |
1 |
3 |
|
Shots
|
| Carnivores |
8 |
11 |
16 |
35 |
| Blackdemons |
11 |
10 |
11 |
32 |
|
1st period
1. Carnivores , Blake Geoffrion 8 (Colton Orr) at 7:14
2. Blackdemons , Kyle Rau 1 (Matt Hunwick, Calvin de Haan) at 7:43 (PP)
Penalties :
Mattias Backman (Bre) for Slashing (Minor) at 7:28
2nd period
3. Carnivores , Artemi Panarin 15 (Anton Gustafsson) at 1:58
4. Blackdemons , Andreas Martinsen 6 (Steve Oleksy) at 2:12
5. Carnivores , Brendan Gallagher 10 (Anton Gustafsson) at 7:10 (PP)
6. Carnivores , Artemi Panarin 16 (Brendan Gallagher, Anton Gustafsson) at 7:59 (PP)
Penalties :
Calvin de Haan (MJM) for Slashing (Minor) at 5:55, Andrew MacDonald (MJM) for Hooking (Minor) at 7:46, Andrew MacDonald (MJM) for Holding (Minor) at 8:33, Anton Gustafsson (Bre) for Hooking (Minor) at 14:14
3rd period
7. Blackdemons , Matt Irwin 1 (Andrew MacDonald) at 14:55
8. Carnivores , Colton Orr 7 (Anton Gustafsson) at 19:05
Penalties :
Noel Acciari (MJM) for Boarding (Minor) at 2:36, Sasha Pokulok (Bre) for Hooking (Minor) at 6:41, Matt Irwin (MJM) for Tripping (Minor) at 9:46
Goalie Stats
Chad Johnson (Bre), 29 saves from 32 shots - (0,906), W, 9-3-3, 60:00 minutes
Matt Hackett (MJM), 17 saves from 18 shots - (0,944), 32:01 minutes
Sebastien Caron (MJM), 13 saves from 17 shots - (0,765), L, 5-10-1, 27:59 minutes
Players Stats for Carnivores
Player Name G A P +/- PIM S H SB GA TA FO MP PP MP PK MP
------------------------------------------------------------------------------------
Anton Gustafsson 0 4 4 1 2 5 1 0 0 0 8/22 19:49 4:03 0:27
Artemi Panarin 2 0 2 1 0 8 0 1 0 0 3/9 21:39 4:03 2:23
Blake Geoffrion 1 0 1 1 0 3 2 0 1 1 0/0 14:23 3:20 0:00
Bobby Sanguinetti 0 0 0 0 0 1 2 0 1 0 0/0 24:49 4:33 2:55
Brendan Gallagher 1 1 2 0 0 3 2 0 0 1 0/0 19:44 4:03 0:59
Chris Lawrence 0 0 0 1 0 2 1 2 0 0 1/2 17:15 3:20 2:38
Colton Orr 1 1 2 1 0 2 1 0 0 0 0/0 10:40 0:02 0:00
Frederic St-Denis 0 0 0 0 0 0 0 0 0 0 0/0 6:38 0:00 0:00
Jeremy Welsh 0 0 0 -1 0 3 1 0 0 0 0/1 11:58 0:02 0:00
Lane MacDermid 0 0 0 0 0 0 2 0 0 0 0/0 11:19 0:02 0:49
Mark McNeill 0 0 0 -1 0 0 0 0 0 2 0/0 11:24 0:00 0:00
Mat Clark 0 0 0 0 0 0 0 3 0 2 0/0 11:30 0:00 0:45
Mattias Backman 0 0 0 0 2 0 0 0 0 0 0/0 6:37 0:00 0:00
Mikael Granlund 0 0 0 1 0 2 1 0 0 0 9/15 15:54 3:20 1:10
Nate Schmidt 0 0 0 0 0 4 1 2 0 0 0/0 24:49 4:33 2:55
Phil Oreskovic 0 0 0 0 0 0 0 0 0 0 0/0 17:31 2:52 1:18
Sasha Pokulok 0 0 0 1 2 0 1 2 0 1 0/0 17:16 2:52 0:33
Tyler Graovac 0 0 0 0 0 0 0 0 0 0 1/1 10:03 0:00 0:00
Zach Jones 0 0 0 1 0 0 0 1 0 1 0/0 11:02 0:00 0:00
Zack Smith 0 0 0 -1 0 2 2 1 0 0 2/5 11:24 0:00 0:00
Players Stats for Blackdemons
Player Name G A P +/- PIM S H SB GA TA FO MP PP MP PK MP
------------------------------------------------------------------------------------
Andreas Martinsen 1 0 1 -1 0 3 4 1 0 0 0/1 16:32 1:57 1:06
Andrew MacDonald 0 1 1 -1 4 1 0 1 0 0 0/0 23:09 2:10 1:54
Ben Maxwell 0 0 0 -2 0 3 0 0 0 0 4/8 13:31 0:00 2:12
Blake Pietila 0 0 0 -1 0 0 2 0 0 0 0/0 11:17 0:28 0:00
Bryan Rust 0 0 0 0 0 0 1 0 0 0 1/2 17:59 0:27 4:37
Calvin de Haan 0 1 1 -1 2 3 0 1 2 0 0/0 18:16 2:03 2:23
Dan Bertram 0 0 0 1 0 0 1 0 0 0 0/0 9:00 1:57 0:00
Igor Makarov 0 0 0 -1 0 5 0 0 1 1 0/1 19:29 2:16 0:00
Jeffrey Foss 0 0 0 1 0 0 1 3 1 0 0/0 15:27 0:00 0:00
Kyle Rau 1 0 1 0 0 2 0 1 0 0 9/16 11:22 1:02 0:00
Matt Hunwick 0 1 1 -1 0 2 1 1 2 0 0/0 20:15 2:03 4:35
Matt Irwin 1 0 1 -1 2 4 1 0 0 0 0/0 23:32 2:10 3:08
Max Friberg 0 0 0 -1 0 1 0 0 0 0 0/0 12:59 0:00 1:48
Noel Acciari 0 0 0 0 2 3 0 0 1 0 12/19 20:50 2:16 0:00
Scott Wilson 0 0 0 1 0 0 1 0 0 0 0/0 6:45 0:00 0:00
Sergei Plotnikov 0 0 0 0 0 5 1 0 0 0 0/0 20:30 2:16 0:38
Steve Oleksy 0 1 1 1 0 0 1 0 0 1 0/0 19:22 0:00 2:50
Steven Zalewski 0 0 0 1 0 0 1 0 1 0 5/8 12:15 0:00 4:29
3 Stars
1 - Artemi Panarin (Bre)
2 - Anton Gustafsson (Bre)
3 - Colton Orr (Bre)
Power Play
Carnivores - 2 on 5 Attempt(s) - 40,00%
Blackdemons - 1 on 3 Attempt(s) - 33,33%
Penalty Kill
Carnivores - 2 on 3 Attempt(s) - 66,67%
- Score 0 goal in Penalty Kill
Blackdemons - 3 on 5 Attempt(s) - 60,00%
- Score 0 goal in Penalty Kill
Team Stat
Carnivores - Hits : 17 - Faceoff Wins : 24 - Blocked Shots : 12 - Penalty Minutes : 6
Blackdemons - Hits : 15 - Faceoff Wins : 31 - Blocked Shots : 8 - Penalty Minutes : 10
Official
Referees : Kowal Tom and Joannette Marc
Linesman : Mark Pare and Lyle Seitz
Game Notes
Matt Hackett enters game at 7:59 of 2nd period
Kyle Rau is injured at 2:20 of 3rd period (Bruised Right Leg)
Finance
Level 1 -- Attendance: 1405 (70,25%) -- Ticket Income 56 200 $
Level 2 -- Attendance: 671 (67,10%) -- Ticket Income 13 420 $
Total Attendance: 2076 (69,20%)
Total Ticket Income: 69 620 $
Other Income: 3 481 $
Total Income: 73 101 $
Carnivores
5 vs 5 Forward
Center Left Wing Right Wing Time % Phy DF OF
1 Anton Gustafsson Artemi Panarin Brendan Gallagher 40 1 2 2
2 Mikael Granlund Blake Geoffrion Chris Lawrence 30 1 2 2
3 Zack Smith Jeremy Welsh Mark McNeill 20 1 2 2
4 Tyler Graovac Lane MacDermid Colton Orr 10 2 1 2
5 vs 5 Defense
Defense Defense Time % Phy DF OF
1 Bobby Sanguinetti Nate Schmidt 40 1 2 2
2 Phil Oreskovic Sasha Pokulok 30 1 2 2
3 Mat Clark Zach Jones 20 1 2 2
4 Mattias Backman Frederic St-Denis 10 1 2 2
PowerPlay Forward
Center Left Wing Right Wing Time % Phy DF OF
1 Anton Gustafsson Artemi Panarin Brendan Gallagher 60 1 1 3
2 Mikael Granlund Blake Geoffrion Chris Lawrence 40 1 1 3
PowerPlay Defense
Defense Defense Time % Phy DF OF
1 Bobby Sanguinetti Nate Schmidt 60 1 2 2
2 Phil Oreskovic Sasha Pokulok 40 1 2 2
Penalty Kill 4 Players Forward
Center Wing Time % Phy DF OF
1 Artemi Panarin Chris Lawrence 60 1 2 2
2 Anton Gustafsson Brendan Gallagher 40 1 3 1
Penalty Kill 4 Players Defense
Defense Defense Time % Phy DF OF
1 Bobby Sanguinetti Nate Schmidt 60 1 3 1
2 Phil Oreskovic Sasha Pokulok 40 1 3 1
Penalty Kill - 3 Players Forward
Forward Time % Phy DF OF
1 Artemi Panarin 60 1 2 2
2 Anton Gustafsson 40 1 2 2
Penalty Kill - 3 Players Defense
Defense Defense Time % Phy DF OF
1 Bobby Sanguinetti Nate Schmidt 60 1 2 2
2 Phil Oreskovic Sasha Pokulok 40 1 2 2
4 vs 4 Forward
Center Wing Time % Phy DF OF
1 Artemi Panarin Chris Lawrence 60 1 2 2
2 Zack Smith Blake Geoffrion 40 1 2 2
4 vs 4 Defense
Defense Defense Time % Phy DF OF
1 Bobby Sanguinetti Nate Schmidt 60 1 2 2
2 Phil Oreskovic Sasha Pokulok 40 1 2 2
Last Minutes Offensive
Center Left Wing Right Wing Defense Defense
Mikael Granlund Artemi Panarin Brendan Gallagher Bobby Sanguinetti Phil Oreskovic
Last Minutes Defensive
Center Left Wing Right Wing Defense Defense
Anton Gustafsson Artemi Panarin Colton Orr Zach Jones Sasha Pokulok
Goaltenders
Starting : Chad Johnson
Backup : Antti Raanta
Extra Forwards
Normal : Artemi Panarin, Jeremy Welsh, Brendan Gallagher - PP : Artemi Panarin, Jeremy Welsh - PK : Brendan Gallagher
Extra Defensemen
Normal : Mattias Backman, Mat Clark, Nate Schmidt - PP : Nate Schmidt - PK : Mat Clark, Nate Schmidt
Penalty Shots
Chris Lawrence, Artemi Panarin, Brendan Gallagher, Jeremy Welsh, Blake Geoffrion
Blackdemons
5 vs 5 Forward
Center Left Wing Right Wing Time % Phy DF OF
1 Noel Acciari Sergei Plotnikov Igor Makarov 40 1 2 2
2 Kyle Rau Andreas Martinsen Bryan Rust 30 1 2 2
3 Ben Maxwell Blake Pietila Max Friberg 20 1 2 2
4 Steven Zalewski Scott Wilson Dan Bertram 10 1 2 2
5 vs 5 Defense
Defense Defense Time % Phy DF OF
1 Andrew MacDonald Matt Irwin 40 1 2 2
2 Matt Hunwick Calvin de Haan 30 1 2 2
3 Jeffrey Foss Steve Oleksy 20 1 2 2
4 Jeffrey Foss Steve Oleksy 10 1 2 2
PowerPlay Forward
Center Left Wing Right Wing Time % Phy DF OF
1 Noel Acciari Sergei Plotnikov Igor Makarov 60 1 2 2
2 Kyle Rau Andreas Martinsen Dan Bertram 40 1 2 2
PowerPlay Defense
Defense Defense Time % Phy DF OF
1 Andrew MacDonald Matt Irwin 60 1 2 2
2 Matt Hunwick Calvin de Haan 40 1 2 2
Penalty Kill 4 Players Forward
Center Wing Time % Phy DF OF
1 Steven Zalewski Bryan Rust 60 1 2 2
2 Ben Maxwell Max Friberg 40 1 2 2
Penalty Kill 4 Players Defense
Defense Defense Time % Phy DF OF
1 Matt Hunwick Matt Irwin 60 1 2 2
2 Andrew MacDonald Steve Oleksy 40 1 2 2
Penalty Kill - 3 Players Forward
Forward Time % Phy DF OF
1 Steven Zalewski 60 1 2 2
2 Ben Maxwell 40 1 2 2
Penalty Kill - 3 Players Defense
Defense Defense Time % Phy DF OF
1 Matt Hunwick Matt Irwin 60 1 2 2
2 Andrew MacDonald Steve Oleksy 40 1 2 2
4 vs 4 Forward
Center Wing Time % Phy DF OF
1 Steven Zalewski Igor Makarov 60 1 2 2
2 Ben Maxwell Dan Bertram 40 1 2 2
4 vs 4 Defense
Defense Defense Time % Phy DF OF
1 Matt Irwin Calvin de Haan 60 1 2 2
2 Andrew MacDonald Matt Hunwick 40 1 2 2
Last Minutes Offensive
Center Left Wing Right Wing Defense Defense
Ben Maxwell Sergei Plotnikov Igor Makarov Matt Irwin Andrew MacDonald
Last Minutes Defensive
Center Left Wing Right Wing Defense Defense
Steven Zalewski Sergei Plotnikov Igor Makarov Matt Hunwick Andrew MacDonald
Goaltenders
Starting : Sebastien Caron
Backup : Matt Hackett
Extra Forwards
Normal : Andreas Martinsen, Bryan Rust, Noel Acciari - PP : Blake Pietila, Bryan Rust - PK : Andreas Martinsen
Extra Defensemen
Normal : Matt Irwin, Calvin de Haan, Jeffrey Foss - PP : Steve Oleksy - PK : Matt Irwin, Calvin de Haan
Penalty Shots
Igor Makarov, Andreas Martinsen, Steven Zalewski, Ben Maxwell, Sergei Plotnikov
% Time on Ice - Carnivores
Lines # - Real PCT - Wanted PCT - Time Play
Normal Forward
1 - 32% - 40% - 15:35
2 - 23% - 30% - 11:03
3 - 24% - 20% - 11:24
4 - 21% - 10% - 10:03
Normal Defense
1 - 36% - 40% - 17:21
2 - 28% - 30% - 13:21
3 - 22% - 20% - 10:45
4 - 14% - 10% - 6:38
PP Forward
1 - 55% - 60% - 4:05
2 - 45% - 40% - 3:20
PP Defense
1 - 61% - 60% - 4:33
2 - 39% - 40% - 2:52
PK Forward
1 - 84% - 60% - 3:33
2 - 16% - 40% - 0:40
PK Defense
1 - 69% - 60% - 2:55
2 - 31% - 40% - 1:18
PK3 Forward
1 - 0% - 60%
2 - 0% - 40%
PK3 Defense
1 - 0% - 60%
2 - 0% - 40%
44 Forward
1 - 0% - 60%
2 - 0% - 40%
44 Defense
1 - 0% - 60%
2 - 0% - 40%
Last Minute Offensive - 0:00
Last Minute Defensive - 0:17
Total
Forward - 60:00
Defense - 60:00
|
% Time on Ice - Blackdemons
Lines # - Real PCT - Wanted PCT - Time Play
Normal Forward
1 - 35% - 40% - 16:59
2 - 28% - 30% - 13:36
3 - 22% - 20% - 10:42
4 - 14% - 10% - 6:45
Normal Defense
1 - 38% - 40% - 18:09
2 - 31% - 30% - 15:02
3 - 20% - 20% - 9:35
4 - 11% - 10% - 5:16
PP Forward
1 - 54% - 60% - 2:16
2 - 46% - 40% - 1:57
PP Defense
1 - 51% - 60% - 2:10
2 - 49% - 40% - 2:03
PK Forward
1 - 76% - 60% - 5:37
2 - 24% - 40% - 1:48
PK Defense
1 - 62% - 60% - 4:35
2 - 38% - 40% - 2:50
PK3 Forward
1 - 0% - 60%
2 - 0% - 40%
PK3 Defense
1 - 0% - 60%
2 - 0% - 40%
44 Forward
1 - 0% - 60%
2 - 0% - 40%
44 Defense
1 - 0% - 60%
2 - 0% - 40%
Last Minute Offensive - 0:20
Last Minute Defensive - 0:00
Total
Forward - 60:00
Defense - 60:00
|
Play by Play
1st period
0:01 of 1st period - Anton Gustafsson wins face-off versus Noel Acciari in neutral zone.
0:06 of 1st period - Snap shot by Artemi Panarin.
0:06 of 1st period - Shot Hit the Post.
0:30 of 1st period - Mikael Granlund is hit by Andreas Martinsen and loses puck.
1:01 of 1st period - Matt Hunwick is hit by Zack Smith.
1:11 of 1st period - Nate Schmidt is hit by Dan Bertram and loses puck.
1:20 of 1st period - Slapshot by Steve Oleksy.
1:20 of 1st period - Shot Blocked by Nate Schmidt.
2:17 of 1st period - Slapshot by Andrew MacDonald.
2:17 of 1st period - Shot Blocked by Zach Jones.
2:19 of 1st period - Snap shot by Sergei Plotnikov.
2:19 of 1st period - Shot Blocked by Mat Clark.
2:21 of 1st period - Snap shot by Igor Makarov.
2:21 of 1st period - Stopped by Chad Johnson with a rebound.
3:02 of 1st period - Snap shot by Igor Makarov.
3:02 of 1st period - Shot Misses the Net.
3:04 of 1st period - Slapshot by Sergei Plotnikov.
3:04 of 1st period - Stopped by Chad Johnson with a rebound.
3:06 of 1st period - Slapshot by Andrew MacDonald.
3:06 of 1st period - Shot Blocked by Mat Clark.
3:26 of 1st period - Snap shot by Anton Gustafsson.
3:26 of 1st period - Stopped by Sebastien Caron with a rebound.
5:01 of 1st period - Snap shot by Anton Gustafsson.
5:01 of 1st period - Deflect By Andrew MacDonald.
5:01 of 1st period - Shot Misses the Net.
5:01 of 1st period - Puck is out of play.
5:02 of 1st period - Mikael Granlund wins face-off versus Kyle Rau in Blackdemons zone.
5:17 of 1st period - Snap shot by Mikael Granlund.
5:17 of 1st period - Shot Misses the Net.
5:37 of 1st period - Snap shot by Lane MacDermid.
5:37 of 1st period - Shot Blocked by Calvin de Haan.
5:39 of 1st period - Slapshot by Nate Schmidt.
5:39 of 1st period - Deflect By Colton Orr.
5:39 of 1st period - Stopped by Sebastien Caron with a rebound.
5:54 of 1st period - Wrist shot by Jeremy Welsh.
5:54 of 1st period - Stopped by Sebastien Caron with a rebound.
5:56 of 1st period - Wrist shot by Zack Smith.
5:56 of 1st period - Stopped by Sebastien Caron without a rebound.
5:57 of 1st period - Ben Maxwell wins face-off versus Mikael Granlund in Blackdemons zone.
5:57 of 1st period - Ben Maxwell is hit by Blake Geoffrion.
6:44 of 1st period - Icing by Steve Oleksy.
6:45 of 1st period - Tyler Graovac wins face-off versus Ben Maxwell in Blackdemons zone.
7:14 of 1st period - Snap shot by Blake Geoffrion.
7:14 of 1st period - Goal by Blake Geoffrion - Carnivores : 1 - Blackdemons : 0.
7:15 of 1st period - Mikael Granlund wins face-off versus Kyle Rau in neutral zone.
7:28 of 1st period - Minor Penalty to Mattias Backman for Slashing.
7:29 of 1st period - Kyle Rau wins face-off versus Mikael Granlund in Carnivores zone.
7:39 of 1st period - Snap shot by Matt Hunwick.
7:39 of 1st period - Shot Misses the Net.
7:41 of 1st period - Wrist shot by Kyle Rau.
7:41 of 1st period - Stopped by Chad Johnson with a rebound.
7:43 of 1st period - Backhand shot by Kyle Rau.
7:43 of 1st period - Goal by Kyle Rau - Carnivores : 1 - Blackdemons : 1.
7:44 of 1st period - Kyle Rau wins face-off versus Mikael Granlund in neutral zone.
7:49 of 1st period - Wrist shot by Andreas Martinsen.
7:49 of 1st period - Deflect By Sasha Pokulok.
7:49 of 1st period - Stopped by Chad Johnson with a rebound.
8:10 of 1st period - Slapshot by Jeremy Welsh.
8:10 of 1st period - Shot Misses the Net.
8:16 of 1st period - Nate Schmidt is hit by Steve Oleksy and loses puck.
9:14 of 1st period - Slapshot by Andrew MacDonald.
9:14 of 1st period - Deflect By Igor Makarov.
9:14 of 1st period - Stopped by Chad Johnson with a rebound.
9:16 of 1st period - Slapshot by Matt Irwin.
9:16 of 1st period - Stopped by Chad Johnson with a rebound.
9:28 of 1st period - Backhand shot by Zack Smith.
9:28 of 1st period - Stopped by Sebastien Caron with a rebound.
10:50 of 1st period - Snap shot by Ben Maxwell.
10:50 of 1st period - Shot Misses the Net.
10:52 of 1st period - Slapshot by Blake Pietila.
10:52 of 1st period - Deflect By Ben Maxwell.
10:52 of 1st period - Stopped by Chad Johnson with a rebound.
10:54 of 1st period - Wrist shot by Max Friberg.
10:54 of 1st period - Stopped by Chad Johnson without a rebound.
10:55 of 1st period - Mikael Granlund wins face-off versus Kyle Rau in Carnivores zone.
11:25 of 1st period - Slapshot by Jeremy Welsh.
11:25 of 1st period - Stopped by Sebastien Caron with a rebound.
11:31 of 1st period - Slapshot by Matt Hunwick.
11:31 of 1st period - Stopped by Chad Johnson without a rebound.
11:32 of 1st period - Steven Zalewski wins face-off versus Mikael Granlund in Carnivores zone.
11:47 of 1st period - Scott Wilson is hit by Bobby Sanguinetti and loses puck.
11:58 of 1st period - Mark McNeill is hit by Andreas Martinsen and loses puck.
12:37 of 1st period - Jeffrey Foss is hit by Colton Orr.
16:50 of 1st period - Wrist shot by Igor Makarov.
16:50 of 1st period - Stopped by Chad Johnson without a rebound.
16:51 of 1st period - Mikael Granlund wins face-off versus Kyle Rau in Carnivores zone.
16:53 of 1st period - Icing by Blake Geoffrion.
16:54 of 1st period - Mikael Granlund wins face-off versus Kyle Rau in Carnivores zone.
17:09 of 1st period - Snap shot by Chris Lawrence.
17:09 of 1st period - Shot Blocked by Matt Hunwick.
17:27 of 1st period - Snap shot by Jeremy Welsh.
17:27 of 1st period - Stopped by Sebastien Caron with a rebound.
19:06 of 1st period - Matt Hunwick is hit by Bobby Sanguinetti.
Goals for this period are 1 for Carnivores vs 1 for Blackdemons.
Shots for this period are 8 for Carnivores vs 11 for Blackdemons.
2nd period
0:01 of 2nd period - Kyle Rau wins face-off versus Chris Lawrence in neutral zone.
0:28 of 2nd period - Snap shot by Anton Gustafsson.
0:28 of 2nd period - Stopped by Sebastien Caron without a rebound.
0:29 of 2nd period - Ben Maxwell wins face-off versus Anton Gustafsson in Blackdemons zone.
1:20 of 2nd period - Icing by Zack Smith.
1:21 of 2nd period - Zack Smith wins face-off versus Andreas Martinsen in Carnivores zone.
1:58 of 2nd period - Slapshot by Artemi Panarin.
1:58 of 2nd period - Goal by Artemi Panarin - Carnivores : 2 - Blackdemons : 1.
1:59 of 2nd period - Anton Gustafsson wins face-off versus Kyle Rau in neutral zone.
2:04 of 2nd period - Wrist shot by Anton Gustafsson.
2:04 of 2nd period - Shot Blocked by Jeffrey Foss.
2:12 of 2nd period - Slapshot by Andreas Martinsen.
2:12 of 2nd period - Goal by Andreas Martinsen - Carnivores : 2 - Blackdemons : 2.
2:13 of 2nd period - Kyle Rau wins face-off versus Anton Gustafsson in neutral zone.
2:24 of 2nd period - Snap shot by Artemi Panarin.
2:24 of 2nd period - Stopped by Sebastien Caron with a rebound.
2:26 of 2nd period - Slapshot by Nate Schmidt.
2:26 of 2nd period - Shot Blocked by Andreas Martinsen.
2:28 of 2nd period - Slapshot by Bobby Sanguinetti.
2:28 of 2nd period - Stopped by Sebastien Caron with a rebound.
3:01 of 2nd period - Max Friberg is hit by Zack Smith and loses puck.
3:10 of 2nd period - Wrist shot by Jeremy Welsh.
3:10 of 2nd period - Shot Misses the Net.
3:26 of 2nd period - Snap shot by Andreas Martinsen.
3:26 of 2nd period - Shot Misses the Net.
3:30 of 2nd period - Wrist shot by Andreas Martinsen.
3:30 of 2nd period - Stopped by Chad Johnson without a rebound.
3:31 of 2nd period - Kyle Rau wins face-off versus Anton Gustafsson in Carnivores zone.
3:39 of 2nd period - Slapshot by Andreas Martinsen.
3:39 of 2nd period - Shot Misses the Net.
3:41 of 2nd period - Snap shot by Bryan Rust.
3:41 of 2nd period - Shot Misses the Net.
3:43 of 2nd period - Wrist shot by Calvin de Haan.
3:43 of 2nd period - Stopped by Chad Johnson without a rebound.
3:44 of 2nd period - Mikael Granlund wins face-off versus Kyle Rau in Carnivores zone.
4:28 of 2nd period - Wrist shot by Ben Maxwell.
4:28 of 2nd period - Shot Blocked by Artemi Panarin.
4:56 of 2nd period - Jeremy Welsh is hit by Scott Wilson and loses puck.
5:33 of 2nd period - Off-side.
5:34 of 2nd period - Noel Acciari wins face-off versus Zack Smith in neutral zone.
5:55 of 2nd period - Minor Penalty to Calvin de Haan for Slashing.
5:56 of 2nd period - Anton Gustafsson wins face-off versus Steven Zalewski in Blackdemons zone.
6:09 of 2nd period - Snap shot by Anton Gustafsson.
6:09 of 2nd period - Stopped by Sebastien Caron with a rebound.
6:35 of 2nd period - Slapshot by Blake Geoffrion.
6:35 of 2nd period - Deflect By Chris Lawrence.
6:35 of 2nd period - Stopped by Sebastien Caron with a rebound.
6:37 of 2nd period - Slapshot by Mikael Granlund.
6:37 of 2nd period - Stopped by Sebastien Caron without a rebound.
6:38 of 2nd period - Ben Maxwell wins face-off versus Mikael Granlund in Blackdemons zone.
6:47 of 2nd period - Andrew MacDonald is hit by Sasha Pokulok and loses puck.
7:10 of 2nd period - Snap shot by Brendan Gallagher.
7:10 of 2nd period - Goal by Brendan Gallagher - Carnivores : 3 - Blackdemons : 2.
7:11 of 2nd period - Noel Acciari wins face-off versus Anton Gustafsson in neutral zone.
7:27 of 2nd period - Slapshot by Andrew MacDonald.
7:27 of 2nd period - Shot Misses the Net.
7:46 of 2nd period - Minor Penalty to Andrew MacDonald for Hooking.
7:47 of 2nd period - Steven Zalewski wins face-off versus Anton Gustafsson in Blackdemons zone.
7:59 of 2nd period - Snap shot by Artemi Panarin.
7:59 of 2nd period - Goal by Artemi Panarin - Carnivores : 4 - Blackdemons : 2.
7:59 of 2nd period - Matt Hackett enters game.
8:00 of 2nd period - Kyle Rau wins face-off versus Anton Gustafsson in neutral zone.
8:09 of 2nd period - Wrist shot by Andreas Martinsen.
8:09 of 2nd period - Shot Blocked by Nate Schmidt.
8:28 of 2nd period - Slapshot by Matt Hunwick.
8:28 of 2nd period - Deflect By Chris Lawrence.
8:28 of 2nd period - Stopped by Chad Johnson without a rebound.
8:29 of 2nd period - Mikael Granlund wins face-off versus Noel Acciari in Carnivores zone.
8:33 of 2nd period - Minor Penalty to Andrew MacDonald for Holding.
8:34 of 2nd period - Anton Gustafsson wins face-off versus Steven Zalewski in Blackdemons zone.
10:10 of 2nd period - Nate Schmidt is hit by Andreas Martinsen and loses puck.
10:33 of 2nd period - Penalty to Andrew MacDonald is over, Andrew MacDonald is back on ice.
11:23 of 2nd period - Jeremy Welsh is hit by Bryan Rust and loses puck.
11:59 of 2nd period - Slapshot by Matt Irwin.
11:59 of 2nd period - Stopped by Chad Johnson with a rebound.
12:01 of 2nd period - Wrist shot by Sergei Plotnikov.
12:01 of 2nd period - Stopped by Chad Johnson with a rebound.
12:17 of 2nd period - Snap shot by Max Friberg.
12:17 of 2nd period - Shot Blocked by Chris Lawrence.
12:29 of 2nd period - Snap shot by Bryan Rust.
12:29 of 2nd period - Deflect By Andreas Martinsen.
12:29 of 2nd period - Shot Blocked by Sasha Pokulok.
12:29 of 2nd period - Puck is out of play.
12:30 of 2nd period - Kyle Rau wins face-off versus Jeremy Welsh in Carnivores zone.
13:31 of 2nd period - Backhand shot by Colton Orr.
13:31 of 2nd period - Shot Hit the Post.
13:53 of 2nd period - Snap shot by Zack Smith.
13:53 of 2nd period - Shot Blocked by Jeffrey Foss.
14:14 of 2nd period - Minor Penalty to Anton Gustafsson for Hooking.
14:15 of 2nd period - Artemi Panarin wins face-off versus Igor Makarov in Carnivores zone.
14:23 of 2nd period - Wrist shot by Matt Irwin.
14:23 of 2nd period - Shot Misses the Net.
14:25 of 2nd period - Slapshot by Matt Irwin.
14:25 of 2nd period - Deflect By Noel Acciari.
14:25 of 2nd period - Shot Misses the Net.
14:25 of 2nd period - Puck is out of play.
14:26 of 2nd period - Artemi Panarin wins face-off versus Noel Acciari in Carnivores zone.
14:30 of 2nd period - Off-side.
14:31 of 2nd period - Noel Acciari wins face-off versus Artemi Panarin in neutral zone.
15:02 of 2nd period - Snap shot by Matt Irwin.
15:02 of 2nd period - Stopped by Chad Johnson with a rebound.
15:04 of 2nd period - Snap shot by Dan Bertram.
15:04 of 2nd period - Shot Misses the Net.
15:06 of 2nd period - Wrist shot by Andrew MacDonald.
15:06 of 2nd period - Stopped by Chad Johnson without a rebound.
15:07 of 2nd period - Noel Acciari wins face-off versus Artemi Panarin in Carnivores zone.
15:12 of 2nd period - Wrist shot by Igor Makarov.
15:12 of 2nd period - Shot Blocked by Sasha Pokulok.
15:14 of 2nd period - Slapshot by Matt Hunwick.
15:14 of 2nd period - Shot Blocked by Chris Lawrence.
15:16 of 2nd period - Snap shot by Noel Acciari.
15:16 of 2nd period - Stopped by Chad Johnson with a rebound.
15:18 of 2nd period - Snap shot by Sergei Plotnikov.
15:18 of 2nd period - Shot Misses the Net.
15:20 of 2nd period - Snap shot by Noel Acciari.
15:20 of 2nd period - Deflect By Sergei Plotnikov.
15:20 of 2nd period - Stopped by Chad Johnson with a rebound.
16:14 of 2nd period - Penalty to Anton Gustafsson is over, Anton Gustafsson is back on ice.
17:47 of 2nd period - Off-side.
17:48 of 2nd period - Kyle Rau wins face-off versus Zack Smith in neutral zone.
17:57 of 2nd period - Slapshot by Andreas Martinsen.
17:57 of 2nd period - Shot Misses the Net.
18:13 of 2nd period - Noel Acciari is hit by Brendan Gallagher and loses puck.
18:20 of 2nd period - Wrist shot by Brendan Gallagher.
18:20 of 2nd period - Deflect By Artemi Panarin.
18:20 of 2nd period - Stopped by Matt Hackett with a rebound.
18:26 of 2nd period - Wrist shot by Artemi Panarin.
18:26 of 2nd period - Stopped by Matt Hackett without a rebound.
18:27 of 2nd period - Kyle Rau wins face-off versus Mikael Granlund in Blackdemons zone.
19:17 of 2nd period - Slapshot by Steve Oleksy.
19:17 of 2nd period - Shot Blocked by Zack Smith.
Goals for this period are 3 for Carnivores vs 1 for Blackdemons.
Shots for this period are 11 for Carnivores vs 10 for Blackdemons.
3rd period
0:01 of 3rd period - Anton Gustafsson wins face-off versus Noel Acciari in neutral zone.
0:12 of 3rd period - Wrist shot by Anton Gustafsson.
0:12 of 3rd period - Stopped by Matt Hackett without a rebound.
0:13 of 3rd period - Noel Acciari wins face-off versus Anton Gustafsson in Blackdemons zone.
0:18 of 3rd period - Artemi Panarin is hit by Matt Irwin and loses puck.
1:20 of 3rd period - Wrist shot by Artemi Panarin.
1:20 of 3rd period - Stopped by Matt Hackett with a rebound.
1:22 of 3rd period - Wrist shot by Anton Gustafsson.
1:22 of 3rd period - Stopped by Matt Hackett with a rebound.
2:20 of 3rd period - Wrist shot by Zack Smith.
2:20 of 3rd period - Shot Blocked by Kyle Rau.
2:20 of 3rd period - Kyle Rau from Blackdemons is injured at 2:20 of 3rd period (Bruised Right Leg).
2:21 of 3rd period - Noel Acciari wins face-off versus Anton Gustafsson in Blackdemons zone.
2:32 of 3rd period - Snap shot by Artemi Panarin.
2:32 of 3rd period - Deflect By Brendan Gallagher.
2:32 of 3rd period - Shot Misses the Net.
2:32 of 3rd period - Puck is out of play.
2:33 of 3rd period - Noel Acciari wins face-off versus Artemi Panarin in Blackdemons zone.
2:33 of 3rd period - Noel Acciari is hit by Brendan Gallagher.
2:36 of 3rd period - Minor Penalty to Noel Acciari for Boarding.
2:37 of 3rd period - Steven Zalewski wins face-off versus Anton Gustafsson in Blackdemons zone.
3:16 of 3rd period - Andrew MacDonald is hit by Blake Geoffrion and loses puck.
4:36 of 3rd period - Penalty to Noel Acciari is over, Noel Acciari is back on ice.
4:45 of 3rd period - Igor Makarov is hit by Jeremy Welsh and loses puck.
5:14 of 3rd period - Colton Orr is hit by Matt Hunwick and loses puck.
5:41 of 3rd period - Wrist shot by Sergei Plotnikov.
5:41 of 3rd period - Stopped by Chad Johnson without a rebound.
5:42 of 3rd period - Mikael Granlund wins face-off versus Noel Acciari in Carnivores zone.
5:55 of 3rd period - Wrist shot by Lane MacDermid.
5:55 of 3rd period - Shot Blocked by Andrew MacDonald.
6:11 of 3rd period - Slapshot by Matt Irwin.
6:11 of 3rd period - Shot Misses the Net.
6:19 of 3rd period - Snap shot by Artemi Panarin.
6:19 of 3rd period - Shot Misses the Net.
6:41 of 3rd period - Minor Penalty to Sasha Pokulok for Hooking.
6:42 of 3rd period - Noel Acciari wins face-off versus Artemi Panarin in Carnivores zone.
6:43 of 3rd period - Backhand shot by Calvin de Haan.
6:43 of 3rd period - Deflect By Igor Makarov.
6:43 of 3rd period - Stopped by Chad Johnson without a rebound.
6:44 of 3rd period - Noel Acciari wins face-off versus Artemi Panarin in Carnivores zone.
6:47 of 3rd period - Wrist shot by Igor Makarov.
6:47 of 3rd period - Stopped by Chad Johnson with a rebound.
6:49 of 3rd period - Backhand shot by Sergei Plotnikov.
6:49 of 3rd period - Stopped by Chad Johnson without a rebound.
6:50 of 3rd period - Noel Acciari wins face-off versus Artemi Panarin in Carnivores zone.
7:19 of 3rd period - Slapshot by Matt Hunwick.
7:19 of 3rd period - Shot Blocked by Mat Clark.
7:37 of 3rd period - Snap shot by Noel Acciari.
7:37 of 3rd period - Stopped by Chad Johnson with a rebound.
8:15 of 3rd period - Matt Irwin is hit by Mikael Granlund and loses puck.
8:22 of 3rd period - Icing by Matt Hunwick.
8:23 of 3rd period - Artemi Panarin wins face-off versus Bryan Rust in Blackdemons zone.
8:32 of 3rd period - Slapshot by Calvin de Haan.
8:32 of 3rd period - Stopped by Chad Johnson with a rebound.
8:34 of 3rd period - Backhand shot by Igor Makarov.
8:34 of 3rd period - Shot Misses the Net.
8:36 of 3rd period - Snap shot by Noel Acciari.
8:36 of 3rd period - Stopped by Chad Johnson without a rebound.
8:37 of 3rd period - Anton Gustafsson wins face-off versus Noel Acciari in Carnivores zone.
8:41 of 3rd period - Penalty to Sasha Pokulok is over, Sasha Pokulok is back on ice.
9:19 of 3rd period - Off-side.
9:20 of 3rd period - Anton Gustafsson wins face-off versus Noel Acciari in neutral zone.
9:46 of 3rd period - Minor Penalty to Matt Irwin for Tripping.
9:47 of 3rd period - Steven Zalewski wins face-off versus Anton Gustafsson in Blackdemons zone.
10:19 of 3rd period - Backhand shot by Chris Lawrence.
10:19 of 3rd period - Stopped by Matt Hackett with a rebound.
10:21 of 3rd period - Slapshot by Nate Schmidt.
10:21 of 3rd period - Stopped by Matt Hackett without a rebound.
10:22 of 3rd period - Mikael Granlund wins face-off versus Ben Maxwell in Blackdemons zone.
10:27 of 3rd period - Wrist shot by Mikael Granlund.
10:27 of 3rd period - Shot Misses the Net.
10:29 of 3rd period - Snap shot by Phil Oreskovic.
10:29 of 3rd period - Shot Misses the Net.
10:31 of 3rd period - Snap shot by Chris Lawrence.
10:31 of 3rd period - Deflect By Blake Geoffrion.
10:31 of 3rd period - Shot Misses the Net.
10:31 of 3rd period - Puck is out of play.
10:32 of 3rd period - Steven Zalewski wins face-off versus Anton Gustafsson in Blackdemons zone.
10:45 of 3rd period - Backhand shot by Artemi Panarin.
10:45 of 3rd period - Stopped by Matt Hackett without a rebound.
10:46 of 3rd period - Bryan Rust wins face-off versus Anton Gustafsson in Blackdemons zone.
11:13 of 3rd period - Max Friberg is hit by Nate Schmidt and loses puck.
11:38 of 3rd period - Chris Lawrence is hit by Steven Zalewski and loses puck.
11:46 of 3rd period - Penalty to Matt Irwin is over, Matt Irwin is back on ice.
12:13 of 3rd period - Ben Maxwell is hit by Lane MacDermid and loses puck.
12:20 of 3rd period - Tyler Graovac is hit by Blake Pietila and loses puck.
12:31 of 3rd period - Anton Gustafsson is hit by Andreas Martinsen and loses puck.
13:02 of 3rd period - Noel Acciari is hit by Lane MacDermid.
13:16 of 3rd period - Artemi Panarin is hit by Jeffrey Foss and loses puck.
14:23 of 3rd period - Wrist shot by Brendan Gallagher.
14:23 of 3rd period - Stopped by Matt Hackett with a rebound.
14:25 of 3rd period - Wrist shot by Brendan Gallagher.
14:25 of 3rd period - Shot Misses the Net.
14:37 of 3rd period - Snap shot by Calvin de Haan.
14:37 of 3rd period - Stopped by Chad Johnson with a rebound.
14:41 of 3rd period - Snap shot by Ben Maxwell.
14:41 of 3rd period - Stopped by Chad Johnson with a rebound.
14:43 of 3rd period - Snap shot by Ben Maxwell.
14:43 of 3rd period - Stopped by Chad Johnson with a rebound.
14:55 of 3rd period - Wrist shot by Matt Irwin.
14:55 of 3rd period - Goal by Matt Irwin - Carnivores : 4 - Blackdemons : 3.
14:56 of 3rd period - Noel Acciari wins face-off versus Anton Gustafsson in neutral zone.
15:05 of 3rd period - Slapshot by Anton Gustafsson.
15:05 of 3rd period - Deflect By Artemi Panarin.
15:05 of 3rd period - Shot Misses the Net.
15:05 of 3rd period - Puck is out of play.
15:06 of 3rd period - Noel Acciari wins face-off versus Anton Gustafsson in Blackdemons zone.
15:15 of 3rd period - Brendan Gallagher is hit by Sergei Plotnikov and loses puck.
15:24 of 3rd period - Andrew MacDonald is hit by Anton Gustafsson and loses puck.
15:41 of 3rd period - Snap shot by Artemi Panarin.
15:41 of 3rd period - Stopped by Matt Hackett with a rebound.
15:43 of 3rd period - Slapshot by Nate Schmidt.
15:43 of 3rd period - Stopped by Matt Hackett with a rebound.
15:45 of 3rd period - Slapshot by Nate Schmidt.
15:45 of 3rd period - Stopped by Matt Hackett with a rebound.
15:47 of 3rd period - Slapshot by Nate Schmidt.
15:47 of 3rd period - Stopped by Matt Hackett with a rebound.
15:49 of 3rd period - Wrist shot by Brendan Gallagher.
15:49 of 3rd period - Stopped by Matt Hackett without a rebound.
15:50 of 3rd period - Zack Smith wins face-off versus Ben Maxwell in Blackdemons zone.
16:05 of 3rd period - Slapshot by Matt Hunwick.
16:05 of 3rd period - Shot Misses the Net.
16:22 of 3rd period - Slapshot by Mikael Granlund.
16:22 of 3rd period - Stopped by Matt Hackett with a rebound.
16:24 of 3rd period - Snap shot by Mikael Granlund.
16:24 of 3rd period - Shot Misses the Net.
16:26 of 3rd period - Wrist shot by Sasha Pokulok.
16:26 of 3rd period - Shot Blocked by Jeffrey Foss.
16:57 of 3rd period - Andreas Martinsen is hit by Chris Lawrence and loses puck.
19:01 of 3rd period - Off-side.
19:02 of 3rd period - Guy Boucher call a timeout for Blackdemons.
19:02 of 3rd period - Anton Gustafsson wins face-off versus Ben Maxwell in neutral zone.
19:05 of 3rd period - Snap shot by Colton Orr.
19:05 of 3rd period - Goal by Colton Orr - Carnivores : 5 - Blackdemons : 3.
19:06 of 3rd period - Ben Maxwell wins face-off versus Zack Smith in neutral zone.
19:09 of 3rd period - Nate Schmidt is hit by Blake Pietila and loses puck.
19:37 of 3rd period - Wrist shot by Blake Geoffrion.
19:37 of 3rd period - Stopped by Matt Hackett without a rebound.
19:38 of 3rd period - Chris Lawrence wins face-off versus Steven Zalewski in Blackdemons zone.
19:41 of 3rd period - Wrist shot by Blake Geoffrion.
19:41 of 3rd period - Stopped by Matt Hackett with a rebound.
Goals for this period are 1 for Carnivores vs 1 for Blackdemons.
Shots for this period are 16 for Carnivores vs 11 for Blackdemons.
Back to the Top